 Dungeon Crawl Stone Soup version 0.26-a0-690-gcb57259078 (webtiles) character file.

Game seed: 8177686097546530845

5499 marklar909 the Geomancer (level 11, -3/75 HPs)
             Began as a Formicid Earth Elementalist on Oct 23, 2020.
             Was a Follower of Qazlal.
             Slain by an orc knight
             ... wielding a +0 war axe
              (17 damage)
             ... on level 10 of the Dungeon.
             The game lasted 00:19:26 (13345 turns).

marklar909 the Geomancer (FoEE)                    Turns: 13345, Time: 00:19:27

Health: -3/75      AC:  5    Str: 14    XL:     11   Next: 1%
Magic:  20/23      EV: 13    Int: 17    God:    Qazlal [*.....]
Gold:   361        SH: 12    Dex: 11    Spells: 14/27 levels left

rFire    . . .     SeeInvis +   x - +3 flail (venom)
rCold    . . .     Faith    .   l - +0 buckler
rNeg     . . .     Spirit   .   c - +0 robe
rPois    +         Reflect  +   (helmet unavailable)
rElec    .         Harm     .   w - +2 cloak
rCorr    .         Rampage  .   (no gloves)
MR       +....                  (no boots)
Stlth    ++........             t - amulet of reflection
HPRegen  0.22/turn              v - ring of poison resistance
MPRegen  0.18/turn              m - ring of wizardry

@: no status effects
A: permanent stasis, dig shafts and tunnels, four strong arms, antennae 3
a: Dig, Shaft Self, Renounce Religion


You were on level 10 of the Dungeon.
You worshipped Qazlal.
Qazlal was aware of your devotion.
You visited 2 branches of the dungeon, and saw 11 of its levels.

You collected 475 gold pieces.
You spent 114 gold pieces at shops.

Inventory:

Hand Weapons
 x - a +3 flail of venom (weapon)
 A - a +1 whip of freezing
Missiles
 b - 155 stones (quivered)
Armour
 c - a +0 robe (worn)
 l - a +0 buckler (worn)
 w - a +2 cloak (worn)
 y - a +4 ring mail
 H - a +0 kite shield
Jewellery
 e - an uncursed ring of ice
 k - an uncursed ring of fire
 m - a ring of wizardry (right hand)
 t - an amulet of reflection (around neck)
 v - a ring of poison resistance (left hand)
 B - an uncursed amulet of magic regeneration {unknown}
 C - an uncursed ring of stealth {unknown}
Wands
 f - a wand of iceblast (8)
 r - a wand of flame (26)
Scrolls
 d - 7 scrolls of remove curse
 o - 6 scrolls of identify
 z - a scroll of magic mapping
 E - 2 scrolls of enchant weapon
Potions
 a - 3 potions of mutation
 g - 3 potions of curing
 h - a potion of cancellation
 i - 2 potions of flight
 j - 3 potions of invisibility
 n - a potion of magic {unknown}
 p - 4 potions of lignification
 q - 3 potions of heal wounds
 s - 2 potions of brilliance
 u - a potion of haste
 D - a potion of might {unknown}
 G - a potion of stabbing {unknown}


   Skills:
 + Level 3.2 Fighting
 + Level 4.4 Maces & Flails
 + Level 4.0 Dodging
 + Level 3.8 Stealth
 * Level 7.7 Shields
 + Level 8.6 Spellcasting
 + Level 3.1 Conjurations
 + Level 1.1 Transmutations
 + Level 10.2 Earth Magic


You had 14 spell levels left.
You knew the following spells:

 Your Spells              Type           Power        Failure   Level
a - Sandblast             Erth           #####.       1%          1
b - Stone Arrow           Conj/Erth      ####..       1%          3
c - Petrify               Tmut/Erth      ####....     4%          4
d - Lee's Rapid Deconstr  Erth           #####.....   1%          5

Your spell library contained the following spells:

 Spells                   Type           Power        Failure   Level
 Passwall                 Tmut/Erth      ####....     1%          2
 Corona                   Hex            #......      4%          1
 Ensorcelled Hibernation  Hex/Ice        #.....       6%          2
 Dazzling Flash           Conj/Hex       ##....       6%          3
 Confusing Touch          Hex            #.......     12%         3
 Tukima's Dance           Hex            #.......     12%         3
 Cause Fear               Hex            #.........   36%         4
 Yara's Violent Unravell  Hex/Tmut       #.........   61%         5
 Silence                  Hex/Air        #.........   69%         5
 Discord                  Hex            #.........   100%        8


Dungeon Overview and Level Annotations

Branches:
Dungeon (10/15)            Temple (1/1) D:6            Lair (0/6) D:10
    Orc: D:9-12

Altars:
Ashenzari
Cheibriados
Dithmenos
Elyvilon
Fedhas
Gozag
Hepliaklqana
Kikubaaqudgha
Makhleb
Nemelex Xobeh
Okawaru
Qazlal
Ru
Trog
Uskayaw
Vehumet
Wu Jian
Xom
Yredelemnul
Zin
The Shining One

Shops:
D:4 !:   D:6 ?   D:9 }

Annotations:
D:10 Gastronok


Innate Abilities, Weirdness & Mutations

You cannot be hasted, slowed, berserked, paralysed or teleported.
You can dig through walls and to a lower floor.
Your four strong arms can wield two-handed weapons with a shield.
You have a pair of large antennae on your head. (SInv)


Message History

There is an open door, spattered with blood here.
Casting: Petrify (dangerous; 4% risk of failure)
Confirm with . or Enter, or press ? or * to list all spells.
Aiming: Petrify (dangerous; 4% risk of failure)
Press: ? - help, Shift-Dir - straight line, f/p - orc knight
Aim: an orc knight, wielding a +0 war axe and wearing a +0 chain mail (chance to defeat MR: 37%)
Okay, then.
The stone giant shouts!
The stone giant throws a large rock.
The large rock barely misses you.
The large rock barely misses the orc knight.
The stone giant throws a large rock.
The large rock hits you!!!
Ouch! That really hurt!
You see here a large rock.
A stone giant comes into view.
The stone giant throws a large rock.
The large rock hits you!
* * * LOW HITPOINT WARNING * * *
You see here a large rock.
There is an open door here.
The orc knight hits you with a +0 war axe!
You die...

......#{ ..
....#. #
....## ...
.### #... .#
..... .# .....
.# ####.....
######........
#..@oC........
######(.......
#. #.(ยง......
#.###.{.......
#.#.#.........
#.#C.........
#.#..........
###..........
#..........


You could see a stone giant and an orc knight.

Vanquished Creatures
  Harold (D:7)
  Pikel (D:6)
  Grinder (D:4)
  Sigmund (D:3)
  A wyvern (D:9)
  3 yaks (D:9)
  Menkaure (D:6)
  2 ice beasts
  A phantom (D:3)
  A necrophage (D:9)
  5 sky beasts
  A black bear (D:9)
  3 orc warriors
  5 centaurs
  2 ogres
  A lemure (D:6)
  A big kobold (D:9)
  3 bullfrogs
  A scorpion (D:6)
  3 howler monkeys
  6 orc priests
  2 hounds
  2 bullfrog zombies
  Crazy Yiuf (D:3)
  6 orc wizards
  2 centaur skeletons
  Ijyb (D:4)
  Jessica (D:3)
  An iguana (D:6)
  6 worker ants
  3 killer bee zombies
  A howler monkey zombie (D:10)
  A howler monkey skeleton (D:6)
  3 gnolls
  11 adders
  A white imp (D:7)
  An ufetubus (D:8)
  2 oozes
  An adder skeleton (D:4)
  5 worms
  3 dart slugs (D:1)
  4 leopard geckos
  26 orcs
  8 bats
  4 giant cockroaches
  4 goblins
  8 hobgoblins
  6 jackals
  2 quokkas
  3 ball pythons
  3 frilled lizards
  A jackal skeleton (D:5)
  8 kobolds
  A quokka skeleton (D:7)
  6 rats
182 creatures vanquished.

Notes
Turn   | Place    | Note
-------+----------+-------------------------------------------
     0 | D:1      | marklar909 the Formicid Earth Elementalist began the quest
                  | for the Orb.
     0 | D:1      | Reached XP level 1. HP: 13/13 MP: 3/3
   284 | D:1      | Reached skill level 4 in Earth Magic
   284 | D:1      | Reached XP level 2. HP: 19/19 MP: 3/5
   642 | D:1      | Reached XP level 3. HP: 20/24 MP: 0/7
  1073 | D:1      | Learned a level 3 spell: Stone Arrow
  1631 | D:2      | Reached XP level 4. HP: 14/30 MP: 0/8
  2022 | D:2      | Reached skill level 5 in Earth Magic
  2396 | D:3      | Noticed a phantom
  2586 | D:3      | Killed a phantom
  2586 | D:3      | Reached skill level 1 in Shields
  2586 | D:3      | Reached skill level 1 in Conjurations
  2586 | D:3      | Reached XP level 5. HP: 31/35 MP: 3/10
  2729 | D:3      | Noticed Sigmund
  2758 | D:2      | Reached XP level 6. HP: 29/41 MP: 8/11
  2986 | D:3      | Killed Sigmund
  2986 | D:3      | Reached skill level 6 in Earth Magic
  3033 | D:3      | Reached XP level 7. HP: 44/47 MP: 5/13
  3561 | D:3      | Noticed Jessica
  3565 | D:3      | Killed Jessica
  3969 | D:3      | Found a runed translucent door.
  3970 | D:3      | Noticed Crazy Yiuf
  4085 | D:3      | Killed Crazy Yiuf
  4413 | D:4      | Found Joanguigo's Distillery.
  4528 | D:4      | Bought a potion of curing for 39 gold pieces
  4528 | D:4      | Bought a potion of brilliance for 52 gold pieces
  4528 | D:4      | Bought a potion of degeneration for 13 gold pieces
  4543 | D:4      | Learned a level 5 spell: Lee's Rapid Deconstruction
  4548 | D:4      | Learned a level 4 spell: Petrify
  4678 | D:4      | Noticed Grinder
  4682 | D:4      | Noticed Ijyb
  4685 | D:4      | Killed Grinder
  4685 | D:4      | Reached skill level 5 in Spellcasting
  4685 | D:4      | Reached skill level 7 in Earth Magic
  4685 | D:4      | Reached XP level 8. HP: 48/53 MP: 5/16
  4693 | D:4      | Killed Ijyb
  5068 | D:4      | Found a burning altar of Makhleb.
  5165 | D:4      | Found Heol's Book Boutique.
  5203 | D:5      | Entered Level 5 of the Dungeon
  5651 | D:5      | You fall into a shaft and drop 2 floors!
  5789 | D:6      | Noticed Pikel
  5812 | D:6      | Killed Pikel
  5812 | D:6      | Reached skill level 1 in Fighting
  5812 | D:6      | Reached skill level 1 in Maces & Flails
  5812 | D:6      | Reached skill level 8 in Earth Magic
  5812 | D:6      | Reached XP level 9. HP: 41/59 MP: 2/19
  6168 | D:5      | Found a bloodstained altar of Trog.
  6287 | D:5      | Reached skill level 5 in Shields
  6822 | D:6      | Found a staircase to the Ecumenical Temple.
  6840 | Temple   | Entered the Ecumenical Temple
  7065 | Temple   | Became a worshipper of Qazlal Stormbringer
  7116 | D:6      | Reached skill level 9 in Earth Magic
  7184 | D:6      | Noticed Menkaure
  7186 | D:6      | Killed Menkaure
  7421 | D:6      | Found a broken altar of Ashenzari.
  7776 | D:6      | Found Wifehes's Magic Scroll Shoppe.
  7784 | D:6      | Bought a scroll of random uselessness for 10 gold pieces
  8176 | D:6      | Found a shadowy altar of Dithmenos.
  8190 | D:6      | Found a radiant altar of Vehumet.
  8190 | D:6      | Found a shimmering altar of Xom.
  8192 | D:6      | Found an ornate altar of the Wu Jian Council.
  8192 | D:6      | Found a glowing golden altar of the Shining One.
  8192 | D:6      | Found a hazy altar of Hepliaklqana.
  8435 | D:7      | Reached * piety under Qazlal
  8448 | D:7      | Reached XP level 10. HP: 66/66 MP: 2/22
  8762 | D:7      | Noticed Harold
  8770 | D:7      | You fall into a shaft and drop 2 floors!
  9201 | D:8      | Found an ornate altar of the Wu Jian Council.
  9361 | D:8      | Found a white marble altar of Elyvilon.
  9619 | D:8      | Found a hide-covered altar of Uskayaw.
  9638 | D:8      | Found an ancient bone altar of Kikubaaqudgha.
  9995 | D:7      | Killed Harold
  9995 | D:7      | Reached skill level 10 in Earth Magic
 10314 | D:7      | Found a hazy altar of Hepliaklqana.
 11505 | D:9      | Found Ukhor's Gadget Shoppe.
 11633 | D:10     | Entered Level 10 of the Dungeon
 11633 | D:10     | Found a staircase to the Lair.
 11908 | D:10     | Noticed Gastronok
 12817 | D:10     | Noticed a frost giant
 13074 | D:9      | Reached XP level 11. HP: 25/75 MP: 23/23
 13335 | D:10     | Noticed an orc knight
 13338 | D:10     | Noticed a stone giant
 13342 | D:10     | Noticed a stone giant
 13345 | D:10     | Slain by an orc knight

Illustrated notes

Levels and vault maps discovered:
D:1:      ebering_trefoil_twist, layout_basic, minmay_tetromino_o2
D:2:      layout_loops_ring
D:3:      layout_basic, kennysheep_boxes, uniq_crazy_yiuf_cottage, uniq_jessica,
          uniq_sigmund
D:4:      layout_cave_pools, makhleb_blood_cavern_becter, serial_shops,
          kennysheep_mini, shop, grunt_ministairs_5, uniq_ijyb, uniq_grinder
D:5:      layout_cave_pools, nicolae_overflow_hidden_temple,
          serial_column_ruins, column_ruins_hut, column_ruins_open_small,
          column_ruins_open_small, column_ruins_open_large,
          column_ruins_open_small, column_ruins_open_large, column_ruins_grid_1
D:6:      layout_basic, doesnt_xom_only_xom, evilmike_ruin_ashenzari,
          minmay_temple_entry_waves, serial_shops, nicolae_shop_statue_plus,
          roderic_malta_cross, uniq_menkaure, uniq_pikel
D:7:      layout_cave_pools, old_standard_altar, uniq_harold
D:8:      layout_loops_ring, nicolae_overflow_crystal_walls,
          kennysheep_little_box, lemuel_doored_altar, elyvilon_altar_3
D:9:      minmay_cornered_nines, layout_long_grid, serial_shops, shop_statue
D:10:     minmay_chopped_fan, layout_basic, lair_entry_dummy, hangedman_ranch
          [blue_anna_fruit_fields], uniq_gastronok, uniq_snorg
Temple:   nicolae_temple_figure_eight

Skill      XL: |  1  2  3  4  5  6  7  8  9 10 |
---------------+-------------------------------+-----
Earth Magic    | 4 5 6 7 8 9 10 | 10.2
Dodging        | 2 3 4 |  4.0
Spellcasting   | 3 4 5 6 8 |  8.6
Shields        | 1 2 4 5 7 |  7.7
Conjurations   | 1 2 3 |  3.1
Stealth        | 3 |  3.8
Fighting       | 1 3 |  3.2
Maces & Flails | 1 4 |  4.4
Transmutations | |  1.1

Action                   |  1- 3 |  4- 6 |  7- 9 | 10-12 || total
-------------------------+-------+-------+-------+-------++-------
Melee: Unarmed           |       |     4 |       |       ||     4
       Flail             |       |       |    30 |   146 ||   176
 Cast: Sandblast         |    61 |    46 |    94 |     5 ||   206
       Stone Arrow       |       |     1 |    84 |    30 ||   115
       Lee's Rapid Decon |       |       |     1 |       ||     1
       Petrify           |       |       |       |     1 ||     1
 Abil: Shaft Self        |       |       |     1 |     1 ||     2
       Dig               |       |       |       |     2 ||     2
Evoke: Wand              |       |       |       |     1 ||     1
  Use: Scroll            |       |       |    15 |     4 ||    19
Armor: Robe              |    13 |     6 |    18 |    26 ||    63
Dodge: Dodged            |    38 |    16 |    43 |    96 ||   193
Block: Buckler           |       |       |    33 |   125 ||   158
       Reflection        |       |       |       |    12 ||    12

Table legend: (Time is in decaauts)
 A = Elapsed time spent in this place.
 B = Non-inter-level travel time spent in this place.
 C = Inter-level travel time spent in this place.
 D = Time resting spent in this place.
 E = Time spent auto-exploring this place.
 F = Levels seen in this place.
 G = Mean time per level.
                   A        B        C        D        E       F      G
               +--------+--------+--------+--------+--------+-----+--------+
         Total |  13403 |  12655 |    748 |   3890 |   7092 |  11 | 1218.5 |
       Dungeon |  13144 |  12502 |    642 |   3890 |   6941 |  10 | 1314.4 |
        Temple |    258 |    152 |    106 |      0 |    151 |   1 |  258.0 |
               +--------+--------+--------+--------+--------+-----+--------+

Top non-repeatable levels by time:
     D:9: 2555 daAuts
     D:3: 1663 daAuts
     D:6: 1568 daAuts
     D:1: 1512 daAuts
     D:8: 1295 daAuts
     D:5: 1217 daAuts
     D:7: 1151 daAuts
     D:2: 1122 daAuts
     D:4: 911 daAuts
  Temple: 258 daAuts
    D:10: 147 daAuts
